 Dungeon Crawl Stone Soup version 0.19.4-9-g45fd643 (webtiles) character file.

13613269 Gorglomux the Invulnerable (level 27, 156/273 HPs)
             Began as a Minotaur Monk on Feb 20, 2017.
             Was a Follower of Uskayaw.
             Escaped with the Orb
             ... and 15 runes!
             The game lasted 07:44:41 (118045 turns).

Gorglomux the Invulnerable (Minotaur Monk)        Turns: 118045, Time: 07:44:42

Health: 156/273    AC: 42    Str: 28    XL:     27
Magic:  31/31      EV: 30    Int: 16    God:    Uskayaw [*.....]
Gold:   8953       SH: 37    Dex: 30    Spells: 4 memorised, 43 levels left

rFire  + + +     SeeInvis .     a - +12 demon blade "Nippuodd" {god gift, elec, Dex+2 Stlth+}
rCold  + . .     Gourm    .     e - +3 crystal plate armour "Pin Yqur" {god gift, rC- rN+ Dex+7 Stlth+}
rNeg   + + .     Faith    +     H - +8 large shield {AC+3}
rPois  +         Spirit   .     p - +2 hat of Kemmebui {god gift, rC+ Str+4 Slay+2}
rElec  +         Reflect  .     c - +2 cloak {+Inv}
rCorr  +         Harm     .     L - +2 pair of gloves of a sewer {Int+5}
MR     ++...     Rnd*Rage +     N - +0 pair of boots of Quxyoru {god gift, rCorr Str+4 Stlth+}
Stlth  +.........               u - amulet of Kurem {Faith Dex+5}
                                g - ring "Zypocsanan" {*Corrode +Inv rF++ Dex+4 Stlth+}
                                r - ring "Okynko" {rElec rPois rF+ rC+ rN+}

@: no status effects
A: retaliatory headbutt, hooves 1, horns 2, berserk 1, clumsy 2, deformed body,
low mp 2, screaming 1, weak 1, wild magic 1
a: Stomp, Renounce Religion, Evoke Invisibility
0: Orb of Zot
}: 15/15 runes: barnacled, slimy, silver, golden, iron, obsidian, icy, bone,
abyssal, demonic, glowing, magical, fiery, dark, gossamer


You escaped.
You worshipped Uskayaw.
Uskayaw was extremely pleased with you.
You were not hungry.

You visited 18 branches of the dungeon, and saw 90 of its levels.
You visited Pandemonium 2 times, and saw 35 of its levels.
You visited the Abyss 5 times.
You visited 1 bazaar.
You also visited: Labyrinth and Ice Cave.

You collected 14579 gold pieces.
You spent 5626 gold pieces at shops.

Inventory:

Hand Weapons
 a - the +12 demon blade "Nippuodd" (weapon) {god gift, elec, Dex+2 Stlth+}
   (Okawaru gifted it to you on level 3 of the Depths)

   Occasionally, upon striking a foe, it will discharge some electrical energy
   and cause terrible harm.
   It affects your dexterity (+2).
   It makes you more stealthy.
 b - the +4 staff of Dispater {!a}
   (You took it off Dispater on level 7 of the Iron City of Dis)
Missiles
 n - 7 poisoned tomahawks
 Z - a throwing net (quivered)
Armour
 c - a +2 cloak of invisibility (worn)
 e - the +3 crystal plate armour "Pin Yqur" (worn) {god gift, rC- rN+ Dex+7 Stlth+}
   (Okawaru gifted it to you on level 1 of the Shoals)

   It affects your dexterity (+7).
   It makes you vulnerable to cold.
   It protects you from negative energy.
   It makes you more stealthy.
 p - the +2 hat of Kemmebui (worn) {god gift, rC+ Str+4 Slay+2}
   (Okawaru gifted it to you on level 1 of the Crypt)

   It affects your strength (+4).
   It affects your accuracy and damage with ranged weapons and melee attacks
   (+2).
   It protects you from cold.
 D - the +9 plate armour "Viasto" {rF- rC+ rN+ rCorr}
   (You found it on level 5 of the Vaults)

   It makes you vulnerable to fire.
   It protects you from cold.
   It protects you from negative energy.
   It protects you from acid and corrosion.
 H - a +8 large shield of protection (worn)
 L - the +2 pair of gloves of a sewer (worn) {Int+5}
   (You found it in an ice cave)

   It affects your intelligence (+5).
 N - the +0 pair of boots of Quxyoru (worn) {god gift, rCorr Str+4 Stlth+}
   (Okawaru gifted it to you on level 9 of the Dungeon)

   It affects your strength (+4).
   It protects you from acid and corrosion.
   It makes you more stealthy.
Jewellery
 g - the ring "Zypocsanan" (right hand) {*Corrode +Inv rF++ Dex+4 Stlth+}
   (You found it on level 1 of the Shoals)

   [ring of stealth]

   It affects your dexterity (+4).
   It greatly protects you from fire.
   It lets you turn invisible.
   It may corrode you when you take damage.
   It makes you more stealthy.
 l - the ring of False Pretenses {+Blink rC+ Str+2 Int+3 SInv}
   (You bought it in a shop on level 13 of the Dungeon)

   [ring of see invisible]

   It affects your strength (+2).
   It affects your intelligence (+3).
   It protects you from cold.
   It lets you see invisible.
   It lets you blink.
 r - the ring "Okynko" (left hand) {rElec rPois rF+ rC+ rN+}
   (You found it on level 3 of the Crypt)

   [ring of positive energy]

   It protects you from fire.
   It protects you from cold.
   It insulates you from electricity.
   It protects you from poison.
   It protects you from negative energy.
 s - the ring of Woejasah {*Corrode rPois rN+ Int+5 Dex+3}
   (You found it on level 3 of the Crypt)

   [ring of positive energy]

   It affects your intelligence (+5).
   It affects your dexterity (+3).
   It protects you from poison.
   It protects you from negative energy.
   It may corrode you when you take damage.
 u - the amulet of Kurem (around neck) {Faith Dex+5}
   (You found it in Pandemonium)

   [amulet of faith]

   It allows you to gain divine favour quickly.
   It affects your dexterity (+5).
 C - the ring "Xysue" {*Drain +Inv rC+++ Str+3 Dex+3}
   (You found it on level 7 of Cocytus)

   [ring of strength]

   It affects your strength (+3).
   It affects your dexterity (+3).
   It renders you almost immune to cold.
   It lets you turn invisible.
   It causes draining when unequipped.
Wands
 h - a wand of heal wounds (2/9)
 i - a wand of heal wounds (6/9)
 z - a wand of teleportation (6/9)
 A - a wand of hasting (2/9)
 F - a wand of digging (3/24)
 G - a wand of hasting (2/9)
Scrolls
 t - a scroll of immolation
 v - 9 scrolls of fog
 w - 9 scrolls of fear
 B - 10 scrolls of blinking
 I - 2 scrolls of summoning
 J - 30 scrolls of remove curse
 M - a scroll of magic mapping
 P - 7 scrolls of silence
 R - 16 scrolls of identify
 T - 37 scrolls of teleportation
Potions
 j - 2 potions of haste
 k - a potion of might
 o - 17 potions of curing
 y - 12 potions of heal wounds
 K - a potion of resistance
 O - 8 potions of berserk rage
 Q - 9 potions of ambrosia
 S - 2 potions of cancellation
Books
 m - a Necronomicon

   Spells                             Type                      Level
   a - Haunt                          Necromancy/Summoning         7
   b - Borgnjor's Revivification      Necromancy                   8
   c - Death's Door                   Charms/Necromancy            8
   d - Infestation                    Necromancy                   8
   e - Necromutation                  Transmutation/Necromancy     8
Miscellaneous
 d - a fan of gales (inert)
 x - the horn of Geryon
 U - a box of beasts
 V - 10 phantom mirrors
 W - 3 sacks of spiders
 X - a phial of floods
 Y - a lamp of fire
Comestibles
 f - 18 bread rations
 q - 14 meat rations


   Skills:
 O Level 27 Fighting
 - Level 20.5 Long Blades
 - Level 4.6 Throwing
 O Level 27 Armour
 O Level 27 Dodging
 - Level 5.4 Stealth
 O Level 27 Shields
 - Level 1.0 Unarmed Combat
 - Level 14.0 Spellcasting
 - Level 13.6 Charms
 - Level 14.7 Necromancy
 + Level 25.6 Invocations
 O Level 27 Evocations


You had 43 spell levels left.
You knew the following spells:

 Your Spells              Type           Power        Failure   Level  Hunger
f - Repel Missiles        Chrm/Air       #####.       6%          2    None
o - Apportation           Tloc           ##........   43%         1    None
u - Dispel Undead         Necr           ######..     4%          5    ####...
R - Regeneration          Chrm/Necr      ######....   1%          3    None


Dungeon Overview and Level Annotations

Branches:
Dungeon (15/15)            Temple (1/1) D:7            Lair (6/6) D:10
 Shoals (4/4) Lair:4       Spider (4/4) Lair:3        Slime (5/5) Lair:5
    Orc (2/2) D:10            Elf (3/3) Orc:2        Vaults (5/5) D:13
  Crypt (3/3) Vaults:2       Tomb (3/3) Crypt:3      Depths (5/5) D:15
   Hell (1/1)                 Dis (7/7) Hell            Geh (7/7) Hell
    Coc (7/7) Hell            Tar (7/7) Hell            Zot (5/5) Depths:5

Altars:
Ashenzari
Cheibriados
Dithmenos
Elyvilon
Fedhas
Gozag
Hepliaklqana
Kikubaaqudgha
Makhleb
Nemelex Xobeh
Okawaru
Qazlal
Ru
Sif Muna
Trog
Uskayaw
Vehumet
Xom
Yredelemnul
Zin
The Shining One
Beogh
Jiyva

Shops:
D:3 *   D:7 !   D:11 *   D:13 =   D:14 *   Orc:1 (   Orc:2 *[[!*   Shoals:1 :
Shoals:2 *   Shoals:3 [   Vaults:2 *   Depths:5 *

Portals:
Hell: Depths:1 Depths:2 Depths:3 Depths:4 Depths:5
Abyss: Depths:1 Depths:4
Pandemonium: Depths:3 Depths:4
Ziggurat: Depths:3

Annotations:
D:5 1 runed door
Shoals:4 exclusion: Roxanne, Roxanne


Innate Abilities, Weirdness & Mutations

You reflexively headbutt those who attack you in melee.
You have a pair of horns on your head.
You have large cloven feet.
You tend to lose your temper in combat.
You are very clumsy. (Dex -4)
Armour fits poorly on your strangely shaped body.
Your magical capacity is very low. (-20% MP)
You occasionally shout uncontrollably at your foes.
You are weak. (Str -2)
Your spells are a little harder to cast, but a little more powerful.


Message History

A mighty gale blasts forth from the fan!
Evoke which item? (* to show all) (? for menu, Esc to quit)
That item cannot be evoked!
Evoke which item? (* to show all) (? for menu, Esc to quit)
Zapping:
F - a wand of digging (6/24)
Press: ? - help, Shift-Dir - straight line The rock shatters into small pieces.
This wand has 5 charges left.
Evoke which item? (* to show all) (? for menu, Esc to quit)
Zapping:
F - a wand of digging (5/24)
Press: ? - help, Shift-Dir - straight line The rock shatters into small pieces.
This wand has 4 charges left.
Evoke which item? (* to show all) (? for menu, Esc to quit)
Zapping:
F - a wand of digging (4/24)
Press: ? - help, Shift-Dir - straight line The rock shatters into small pieces.
This wand has 3 charges left.
You slash the plant!
There is a sudden explosion of sparks!
You headbutt the plant.
The plant is heavily damaged.
There is a staircase leading out of the dungeon here.
You have escaped!

######.#.)#######.###########.#
#.##.#........# #.#
######.##.#.####.#.## #.#
.................#..#########.#
######.#....#.................#
#.##...##.......##########
######......#........##
..........).#.P...P...#
#########....รท..@.....#
#.....P...P...# #............##
###.3.......># #.#........#
#.########.# #.# #.# #.# #.#
#.# #.#


You could see a soul eater.

Vanquished Creatures
  Cerebov (Pan)
  Antaeus (Coc:7)
  Asmodeus (Geh:7)
  the Royal Jelly (Slime:5)
  Gloorx Vloq (Pan)
  Ereshkigal (Tar:7)
  the Serpent of Hell (Geh:7)
  Lom Lobon (Pan)
  Mnoleg (Pan)
  Dispater (Dis:7)
  3 orbs of fire
  Khufu (Tomb:3)
  Mara (Depths:2)
  15 pandemonium lords
  6 ancient liches
  2 juggernauts
  The ghost of cotteux the Minotaur Barricade, a master MiBe of Trog (Zot:5)
  The ghost of North the Conqueror, a legendary MiFi of the Shining One (Pan)
  29 greater mummies
  Sojobo (Depths:5)
  14 shard shrikes
  4 Killer Klowns
  A caustic shrike (Depths:4)
  2 curse toes
  Geryon (Hell)
  6 golden dragons
  10 bone dragons
  the Enchantress (Depths:2)
  Jory (Crypt:2)
  8 doom hounds
  2 electric golems (Zot:5)
  33 Tzitzimimeh
  11 Hell Sentinels
  4 iron giants
  35 Brimstone Fiends
  24 Orb Guardians
  27 tentacled monstrosities
  A hellephant (Zot:1)
  Rupert (Lair:3)
  12 liches
  15 Ice Fiends
  21 titans
  22 acid blobs
  12 quicksilver dragons
  9 deep elf blademasters
  11 death cobs
  26 Executioners
  6 deep elf master archers
  2 eldritch tentacles
  4 krakens
  11 tentacled starspawn
  Gastronok (Lair:3)
  7 ancient champions
  9 sphinxes
  Murray (Hell)
  Donald (Spider:4)
  16 shadow dragons
  10 tengu reavers
  9 revenants
  Kirke (Spider:1)
  Ilsuiw (Shoals:4)
  6 azure jellies
  6 draconian monks
  14 storm dragons
  21 fire giants
  3 deep elf sorcerers (Elf:3)
  22 frost giants
  48 balrugs
  4 draconian knights
  An orc warlord (Vaults:4)
  6 draconian scorchers
  7 ghost moths
  5 warmongers (Pan)
  17 vault wardens
  Aizul (Spider:3)
  4 draconian zealots
  7 iron dragons (Dis:7)
  9 emperor scorpions
  3 curse skulls
  An angel (Pan)
  21 ghouls
  82 reapers
  Louise (Shoals:4)
  19 cacodemons
  10 deep elf elementalists
  53 very ugly things
  8 draconian shifters
  30 stone giants
  21 ironheart preservers
  6 caustic shrike skeletons (Depths:2)
  An elemental wellspring (Coc:5)
  9 vampire knights
  6 draconian callers
  4 spriggan defenders
  6 blood saints (Pan)
  20 war gargoyles
  2 draconian annihilators
  4 black draconians
  An entropy weaver (shapeshifter) (Vaults:5)
  6 entropy weavers
  7 deep elf demonologists
  6 lorocyprocas
  11 corrupters (Pan)
  10 green draconians
  The ghost of Azzok the Cleaver, a journeyman DsBe of Trog (D:14)
  15 bennus
  7 black suns (Pan)
  11 yellow draconians
  14 deep elf annihilators
  10 purple draconians
  9 white draconians
  A dire elephant (Depths:2)
  5 spark wasps
  10 mottled draconians
  14 red draconians
  38 blizzard demons
  3 merfolk javelineers (Shoals:4)
  23 mummy priests
  29 green deaths
  10 merfolk impalers
  27 ettins
  17 fire dragons
  13 deep elf death magi
  6 deep elf high priests
  12 quicksilver dragon zombies
  11 jiangshi
  Josephine (D:15)
  A death ooze (Slime:4)
  11 eidola
  A minotaur (Lab)
  5 kraken zombies
  11 great orbs of eyes
  6 quicksilver dragon skeletons
  19 ice dragons
  20 yaktaur captains
  13 hell beasts
  Fannar (D:11)
  10 rakshasas
  12 monstrous demonspawn
  38 vault guards
  A merfolk avatar (Shoals:2)
  An anaconda (shapeshifter) (Depths:1)
  9 spriggan air magi
  6 hydras
  A ghost crab (shapeshifter) (Vaults:5)
  25 ogre magi
  10 centaur warriors
  A catoblepas (Shoals:3)
  2 juggernaut simulacra (Pan)
  5 merfolk aquamancers
  2 ghost crabs
  Erica (Lair:2)
  9 tengu warriors
  5 satyrs
  7 death knights
  14 death yaks
  10 deep troll shamans
  24 dancing weapons
  28 death scarabs
  11 deep troll earth magi
  33 hell hogs
  5 titan zombies
  5 orc high priests
  13 vampire magi
  9 spriggan berserkers
  6 thrashing horrors
  Urug (Lair:4)
  80 sun demons
  35 deep elf knights
  46 soul eaters
  5 storm dragon zombies
  61 hell knights
  6 iron golems
  A fire crab (shapeshifter) (Vaults:3)
  9 storm dragon skeletons
  6 titan skeletons
  A ghost moth zombie (Crypt:3)
  13 iron trolls
  2 spatial maelstroms (Abyss:5)
  11 shadow wraiths
  10 small abominations
  101 skeletal warriors
  24 shadow demons
  28 sixfirhies
  A deep troll (shapeshifter) (Vaults:5)
  6 glowing orange brains
  7 spriggan druids (Depths:2)
  31 deep trolls
  5 unseen horrors
  7 wretched stars
  A glowing orange brain (shapeshifter) (Depths:5)
  A death drake (shapeshifter) (Vaults:3)
  8 sea snakes
  9 gelid demonspawn (Pan)
  9 infernal demonspawn (Pan)
  23 ironbrand convokers
  9 hill giants
  8 torturous demonspawn (Pan)
  14 flayed ghosts
  8 golden dragon zombies
  A cherub (Pan)
  13 anaconda zombies
  17 deep elf archers
  A lindwurm (shapeshifter) (Vaults:4)
  2 lindwurms (Lair:6)
  3 wizards
  5 anaconda skeletons
  15 orc knights
  5 shadow dragon zombies
  7 wolf spider zombies
  A harpy (shapeshifter) (Elf:3)
  11 harpies
  4 golden dragon skeletons
  9 iron dragon zombies
  19 phantasmal warriors
  66 ugly things
  6 stone giant zombies
  2 orb spiders (shapeshifter)
  2 worldbinders
  35 necromancers
  7 shadow dragon skeletons
  4 fire giant zombies
  25 wolf spiders
  72 deep elf magi
  16 orb spiders
  13 fauns
  3 frost giant zombies
  6 orc sorcerers
  14 manticores
  9 shining eyes
  A salamander (shapeshifter) (Vaults:1)
  6 sirens
  4 stone giant skeletons
  9 elephants
  6 iron dragon skeletons
  A torpor snail (shapeshifter) (Vaults:5)
  A shock serpent zombie (Dis:1)
  15 cyclopes
  8 fire giant skeletons
  Joseph (D:7)
  10 frost giant skeletons
  24 rust devils
  5 dire elephant zombies
  A guardian serpent (shapeshifter) (Vaults:3)
  23 moths of wrath
  8 ice statues
  3 naga magi (D:15)
  3 black mambas
  6 titan simulacra (Coc:7)
  3 apocalypse crabs (Abyss:5)
  13 vault sentinels
  4 water nymphs
  3 eyes of devastation
  82 smoke demons
  4 gargoyles
  A molten gargoyle (Geh:7)
  A black mamba (shapeshifter) (Vaults:3)
  10 torpor snails
  5 dire elephant skeletons
  3 storm dragon simulacra (Coc:7)
  4 rime drakes
  30 orange demons
  4 catoblepas zombies
  22 freezing wraiths
  35 hellions
  2 rime drakes (shapeshifter)
  2 emperor scorpion zombies
  3 kobold demonologists (D:11)
  4 shock serpent skeletons
  A spiny frog (shapeshifter) (Abyss:5)
  A swamp worm zombie (Crypt:1)
  A pale draconian zombie (Crypt:1)
  11 spiny frogs
  3 komodo dragons
  67 yaktaurs
  A white draconian zombie (Dis:7)
  An anaconda simulacrum (Coc:7)
  A yaktaur (shapeshifter) (Vaults:5)
  36 ice devils
  6 efreet
  38 hellwings
  32 demonic crawlers
  A catoblepas skeleton (Coc:5)
  59 red devils
  41 tormentors
  2 silent spectres
  17 hydra zombies
  A jumping spider (shapeshifter) (Elf:3)
  A minotaur zombie (Coc:5)
  A pale draconian skeleton (Crypt:2)
  5 ancient zymes
  5 harpy zombies
  53 guardian mummies
  A merfolk (shapeshifter) (Depths:3)
  7 tengu conjurers
  A queen ant zombie (Crypt:2)
  31 jumping spiders
  7 trolls
  2 queen bees (shapeshifter)
  21 merfolk
  A polar bear (shapeshifter) (Vaults:5)
  37 two-headed ogres
  141 slime creatures
  3 tyrant leeches (Lair:6)
  22 wind drakes
  30 hornets
  2 polar bears
  A two-headed ogre (shapeshifter) (Abyss:1)
  Grinder (D:4)
  6 bog bodies
  A harpy skeleton (Geh:5)
  11 hydra skeletons
  10 snapping turtles
  13 dream sheep
  8 raiju
  9 fire dragon zombies
  7 alligator zombies
  A hornet (shapeshifter) (Depths:1)
  11 ettin zombies
  9 ice dragon zombies
  20 blink frogs
  A blink frog (shapeshifter) (Abyss:5)
  90 flying skulls
  13 hippogriffs
  19 starcursed masses
  2 human simulacra
  A raiju (shapeshifter) (Depths:5)
  8 air elementals
  6 fire dragon skeletons
  56 redbacks
  A redback (shapeshifter) (D:15)
  45 ynoxinuls
  28 water elementals
  6 ettin skeletons
  45 wraiths
  30 ushabtiu
  A vampire (D:13)
  44 spriggans
  A hog (shapeshifter) (Vaults:4)
  3 wyverns
  43 shadows
  An alligator skeleton (Coc:7)
  3 ice dragon skeletons
  27 tarantellas
  3 basilisks
  3 fire bats (Abyss:3)
  26 fire elementals
  35 yaks
  16 hungry ghosts
  2 tyrant leech zombies (Crypt:1)
  3 hogs (Spider:1)
  14 golden eyes
  32 neqoxecs
  38 chaos spawn
  6 vampire mosquitoes (D:14)
  3 spatial vortices
  Menkaure (D:7)
  55 large abominations
  5 mottled dragons
  4 wargs
  An insubstantial wisp (Abyss:1)
  2 soldier ants
  15 water moccasins
  62 hell hounds
  13 spiny frog zombies
  4 porcupines
  4 hydra simulacra
  6 spiny frog skeletons
  An ettin simulacrum (Abyss:5)
  A torturous demonspawn skeleton (Crypt:2)
  4 sky beasts
  A merfolk skeleton (Crypt:2)
  8 ice beasts
  2 black bears
  A fire dragon simulacrum (Hell)
  41 orc warriors
  An elephant zombie (Crypt:1)
  A manticore zombie (Geh:3)
  7 phantoms
  A black mamba simulacrum (Coc:5)
  98 ogres
  5 snapping turtle zombies
  12 centaurs
  3 eyes of draining
  A swamp dragon skeleton (Geh:4)
  24 boggarts
  38 necrophages
  3 swamp dragon zombies
  3 snapping turtle skeletons
  20 crocodiles
  A manticore skeleton (Geh:1)
  The ghost of Gorglomux the Ruffian, an amateur VSIE (D:3)
  8 big kobolds
  Blork the orc (Elf:3)
  A draconian zombie (Crypt:2)
  5 elf zombies
  21 bullfrogs
  A wyvern zombie (D:14)
  An elf skeleton (Tar:7)
  2 earth elementals
  2 troll zombies (D:10)
  4 scorpions
  13 wyvern skeletons
  A water moccasin skeleton (D:3)
  7 killer bees
  74 wights
  4 howler monkeys
  An electric eel (D:14)
  17 crimson imps
  6 jellies
  2 bullfrog zombies
  6 quasits
  4 human zombies
  8 centaur skeletons
  A draconian simulacrum (IceCv)
  7 hounds
  5 human skeletons
  28 iron imps
  21 orc priests
  3 bullfrog skeletons
  A demonspawn skeleton (Crypt:2)
  27 orc wizards
  8 worker ants
  8 iguanas
  6 hell rats (Hell)
  A spriggan simulacrum (IceCv)
  2 troll simulacra (IceCv)
  A killer bee zombie (D:10)
  2 tengu zombies
  A naga zombie (Tar:3)
  4 centaur simulacra
  7 ogre zombies
  A tengu skeleton (Coc:5)
  A naga skeleton (Coc:7)
  2 ogre skeletons
  3 hound skeletons
  63 mummies
  2 howler monkey zombies
  A worker ant zombie (Crypt:2)
  11 gnolls
  A howler monkey skeleton (D:9)
  14 adders
  3 naga simulacra
  An ogre simulacrum (IceCv)
  A tengu simulacrum (Coc:1)
  22 shadow imps
  26 white imps
  2 ufetubi (Abyss:3)
  8 oozes
  3 worms
  4 adder skeletons
  An adder zombie (D:3)
  5 dart slugs
  13 leopard geckos
  85 orcs
  6 bats
  4 giant cockroaches
  9 goblins
  16 hobgoblins
  11 jackals
  3 quokkas
  14 frilled lizards
  A goblin skeleton (D:10)
  5 goblin zombies (D:10)
  A hobgoblin skeleton (D:10)
  3 hobgoblin zombies (D:10)
  2 jackal skeletons (D:3)
  23 kobolds
  A kobold skeleton (Crypt:2)
  2 kobold zombies
  A leopard gecko skeleton (D:3)
  2 leopard gecko zombies
  4 orc skeletons (D:10)
  11 orc zombies (D:10)
  5 rats
  2 bushes (Depths:2)
  4 crawling corpses
  A fire vortex (Geh:3)
  5 plants
  6 starspawn tentacles
  20 tentacles
5681 creatures vanquished.

Vanquished Creatures (others)
  3 eldritch tentacles
  A fire giant (Geh:7)
  A ghost moth (Zot:4)
  A blood saint (Pan)
  A bennu (Tomb:2)
  A fire dragon (Depths:4)
  A rakshasa (Vaults:1)
  19 death scarabs
  2 hell hogs
  2 deep elf knights
  A shadow wraith (Vaults:4)
  A titan skeleton (Geh:7)
  2 hell knights
  A ghost moth zombie (Tomb:2)
  A torturous demonspawn (Pan)
  A deep elf mage (Elf:3)
  A deep elf archer (Slime:2)
  A frost giant skeleton (Tomb:2)
  A tormentor (Geh:5)
  A hellwing (Abyss:5)
  A large abomination (Abyss:5)
  An ettin zombie (Coc:7)
  11 flying skulls
  3 wraiths
  A human (Spider:1)
  An ice dragon skeleton (Tomb:2)
  3 chaos spawn
  An ogre (Vaults:5)
  A necrophage (Geh:4)
  3 wights (Geh:1)
  A crimson imp (Pan)
  A human zombie (Tomb:2)
  An iron imp (Dis:7)
  An orc wizard (D:8)
  A hell rat (Hell)
  2 mummies (Tomb:2)
  An orc (D:8)
  3 fungi
  53 plants
  24 starspawn tentacles
  42 tentacles
  9 withered plants (Crypt:3)
208 creatures vanquished.

Grand Total: 5889 creatures vanquished

Notes
Turn   | Place    | Note
-------+----------+-------------------------------------------
     0 | D:1      | Gorglomux the Minotaur Monk began the quest for the Orb.
     0 | D:1      | Reached XP level 1. HP: 19/19 MP: 0/0
   122 | D:1      | Reached XP level 2. HP: 26/26 MP: 1/1
   504 | D:1      | Reached XP level 3. HP: 30/31 MP: 2/2
   996 | D:2      | Reached skill level 6 in Long Blades
   996 | D:2      | Reached XP level 4. HP: 29/39 MP: 3/3
  1055 | D:2      | Found a radiant altar of Vehumet.
  1055 | D:2      | Found an iron altar of Okawaru.
  1084 | D:2      | Became a worshipper of Warmaster Okawaru
  1084 | D:2      | Reached * piety under Okawaru
  1084 | D:2      | Reached ** piety under Okawaru
  1489 | D:3      | You fall through a shaft!
  1635 | D:3      | Reached XP level 5. HP: 22/45 MP: 4/4
  2221 | D:3      | Found Gozag's Platinum Reserve.
  2222 | D:3      | Found an opulent altar of Gozag.
  2236 | D:3      | Noticed Gorglomux's ghost (amateur VSIE)
  2255 | D:3      | Killed Gorglomux's ghost
  2255 | D:3      | Reached XP level 6. HP: 27/51 MP: 2/5
  2708 | D:4      | Reached skill level 9 in Long Blades
  3166 | D:4      | Noticed Grinder
  3170 | D:4      | Reached *** piety under Okawaru
  3172 | D:4      | Reached XP level 7. HP: 49/57 MP: 6/6
  3188 | D:4      | Paralysed by Grinder for 2 turns
  3192 | D:4      | Killed Grinder
  3395 | D:4      | Found an opulent altar of Gozag.
  3773 | D:5      | Entered Level 5 of the Dungeon
  3973 | D:5      | Found a runed door.
  4549 | D:6      | Reached **** piety under Okawaru
  4549 | D:6      | Reached XP level 8. HP: 55/64 MP: 4/7
  4618 | D:6      | Reached skill level 12 in Long Blades
  5376 | D:7      | Noticed Menkaure
  5542 | D:7      | Killed Menkaure
  5584 | D:7      | Reached XP level 9. HP: 45/70 MP: 6/8
  5630 | D:7      | Reached ***** piety under Okawaru
  5630 | D:7      | Received a gift from Okawaru
  5631 | D:7      | Noticed Joseph
  5634 | D:7      | Got a smoking rapier {god gift}
  5647 | D:7      | HP: 2/70 [Joseph/uncursed quarterstaff (11)]
  5654 | D:7      | Killed Joseph
  6005 | D:7      | Found Lobbymos's Distillery.
  6012 | D:7      | Bought a potion of heal wounds for 60 gold pieces
  6012 | D:7      | Bought a potion of might for 48 gold pieces
  6012 | D:7      | Bought a potion of curing for 36 gold pieces
  6012 | D:7      | Bought a potion of flight for 36 gold pieces
  6012 | D:7      | Bought a potion of mutation for 30 gold pieces
  6012 | D:7      | Bought 2 potions of degeneration for 24 gold pieces
  6012 | D:7      | Bought a potion of curing for 36 gold pieces
  6012 | D:7      | Bought a potion of might for 48 gold pieces
  6064 | D:7      | Found a blossoming altar of Fedhas.
  6388 | D:7      | Reached skill level 15 in Long Blades
  6763 | D:7      | Found a staircase to the Ecumenical Temple.
  6772 | Temple   | Entered the Ecumenical Temple
  7037 | D:8      | Reached skill level 1 in Armour
  7151 | D:8      | Reached skill level 1 in Invocations
  7231 | D:8      | Found a sacrificial altar of Ru.
  7993 | D:9      | Identified the +3 rapier of Intuition {god gift, pain, +Fly rC- Str+4 Int+3} (Okawaru gifted it to you on level 7 of the Dungeon)
  8048 | D:9      | Reached XP level 10. HP: 75/80 MP: 10/10
  8083 | D:9      | Found a deep blue altar of Sif Muna.
  8085 | D:9      | Found a shadowy altar of Dithmenos.
  8086 | D:9      | Found a glowing golden altar of the Shining One.
  8089 | D:9      | Found a burning altar of Makhleb.
  8089 | D:9      | Found an ancient bone altar of Kikubaaqudgha.
  8209 | D:9      | Received a gift from Okawaru
  8209 | D:9      | Reached skill level 3 in Armour
  8212 | D:9      | Got a pair of shimmering boots {god gift}
  8218 | D:9      | Identified the +0 pair of boots of Quxyoru {god gift, rCorr Str+4 Stlth+} (Okawaru gifted it to you on level 9 of the Dungeon)
  8277 | D:9      | Reached skill level 3 in Invocations
  8650 | D:10     | Entered Level 10 of the Dungeon
  8650 | D:10     | Noticed a gargoyle
  8896 | D:10     | Killed a gargoyle
  9071 | D:10     | Reached skill level 6 in Fighting
  9128 | D:10     | Reached skill level 6 in Dodging
  9153 | D:10     | Noticed a three-headed hydra
  9159 | D:10     | Killed a three-headed hydra
  9367 | D:10     | Found a staircase to the Lair.
  9403 | D:10     | Found a staircase to the Orcish Mines.
  9445 | D:10     | Reached skill level 6 in Armour
  9472 | D:10     | HP: 4/86 [orc priest/divine providence (14)]
  9478 | D:10     | HP: 3/86 [poisoned by a hornet]
  9486 | D:10     | HP: 3/86 [poisoned by a hornet]
  9877 | D:10     | Reached XP level 11. HP: 77/92 MP: 13/13
 10259 | D:10     | Received a gift from Okawaru
 10781 | D:10     | Noticed a hill giant
 10828 | D:10     | Killed a hill giant
 11174 | D:11     | Reached skill level 6 in Invocations
 11242 | D:11     | Noticed Fannar
 11274 | D:11     | Killed Fannar
 11657 | D:11     | Found Ytunnamegi's General Store.
 11661 | D:11     | Bought a scroll of identify for 24 gold pieces
 11661 | D:11     | Bought a scroll of fear for 42 gold pieces
 11661 | D:11     | Bought a scroll of vulnerability for 90 gold pieces
 11661 | D:11     | Bought a potion of haste for 120 gold pieces
 12154 | D:11     | Reached skill level 9 in Fighting
 12236 | D:11     | Noticed a skeletal warrior
 12237 | D:11     | Noticed a skeletal warrior
 12238 | D:11     | Noticed a skeletal warrior
 12258 | D:11     | Killed a skeletal warrior
 12259 | D:11     | Noticed a skeletal warrior
 12289 | D:11     | Killed a skeletal warrior
 12289 | D:11     | Reached skill level 9 in Dodging
 12293 | D:11     | Noticed a skeletal warrior
 12667 | D:11     | Killed a skeletal warrior
 12896 | D:11     | Reached XP level 12. HP: 63/104 MP: 16/16
 13106 | D:11     | Identified the Handbook of Glacial Poison
 13159 | D:11     | Received a gift from Okawaru
 13284 | D:11     | Reached skill level 9 in Armour
 13956 | Lair:1   | Entered Level 1 of the Lair of Beasts
 13960 | Lair:1   | Reached skill level 1 in Shields
 14057 | Lair:1   | Found a frozen archway.
 14124 | IceCv    | Entered an ice cave
 14243 | IceCv    | Reached skill level 3 in Shields
 14655 | IceCv    | Reached ****** piety under Okawaru
 15020 | IceCv    | Got a pair of faintly glowing gloves
 15026 | IceCv    | Identified the +2 pair of gloves of a sewer {Int+5} (You found it in an ice cave)
 15088 | IceCv    | Got an ancient long sword {slice}
 15089 | IceCv    | Identified the +9 long sword "Qykiq" {slice, Int+4} (You took it off a necromancer in an ice cave)
 15707 | Lair:1   | Reached skill level 6 in Shields
 15790 | Lair:2   | Found a labyrinth entrance.
 15819 | Lab      | Entered a labyrinth
 15873 | Lab      | Received a gift from Okawaru
 15935 | Lab      | Reached XP level 13. HP: 114/116 MP: 17/17
 16102 | Lab      | Noticed a minotaur
 16111 | Lab      | Killed a minotaur
 16111 | Lab      | Reached skill level 9 in Shields
 16113 | Lab      | Got a fine great sword {distort}
 16124 | Lab      | Got a brightly glowing lead ring
 16129 | Lab      | Identified the ring "Itetitso" {Fire *Drain rElec rN+ SInv} (You found it in a labyrinth)
 16135 | Lab      | Identified a -1 rod of clouds (9/9) (You found it in a labyrinth)
 16142 | Lab      | Identified the +5 great sword of Honour {distort, rC++ MR- Int+4} (You took it off a minotaur in a labyrinth)
 16730 | Lair:2   | Noticed Erica
 16737 | Lair:2   | Killed Erica
 16997 | Lair:3   | Noticed Rupert
 17008 | Lair:3   | Killed Rupert
 17008 | Lair:3   | Received a gift from Okawaru
 17049 | Lair:3   | Noticed Gastronok
 17066 | Lair:3   | Killed Gastronok
 17066 | Lair:3   | Reached skill level 12 in Shields
 17137 | Lair:3   | Received a gift from Okawaru
 17355 | Lair:3   | Received a gift from Okawaru
 17355 | Lair:3   | Reached skill level 1 in Evocations
 17360 | Lair:3   | Got a dazzling scimitar {god gift}
 17361 | Lair:3   | Identified the +2 scimitar of the Brain {god gift, freeze, *Slow +Blink rPois rN++} (Okawaru gifted it to you on level 3 of the Lair of Beasts)
 17404 | Lair:3   | Found a hole to the Spider Nest.
 17678 | Lair:4   | Noticed Urug
 17686 | Lair:4   | Killed Urug
 17725 | Lair:4   | Found a staircase to the Shoals.
 17930 | Lair:4   | Reached skill level 3 in Evocations
 18455 | Lair:4   | Received a gift from Okawaru
 18598 | Lair:4   | Got an ancient great sword {god gift}
 18599 | Lair:4   | Identified the +6 great sword of Serendipity {god gift, distort, *Noise rElec rPois Dex-4} (Okawaru gifted it to you on level 4 of the Lair of Beasts)
 18764 | Lair:5   | Reached skill level 6 in Evocations
 18937 | Lair:5   | Received a gift from Okawaru
 18937 | Lair:5   | Reached XP level 14. HP: 110/124 MP: 18/18
 19282 | Lair:5   | Found a runed door.
 19283 | Lair:5   | Found a viscous altar of Jiyva.
 19285 | Lair:5   | Found a staircase to the Slime Pits.
 19403 | Lair:6   | Entered Level 6 of the Lair of Beasts
 19956 | Lair:6   | Found a runed door.
 20137 | Lair:6   | Reached skill level 12 in Fighting
 20195 | Lair:6   | Received a gift from Okawaru
 21061 | D:12     | Found a sacrificial altar of Ru.
 21786 | D:13     | Found Ijiot's Jewellery Shop.
 22013 | D:13     | Received a gift from Okawaru
 22535 | D:13     | Reached skill level 12 in Dodging
 22535 | D:13     | Reached XP level 15. HP: 137/137 MP: 20/20
 22639 | D:13     | Found a gate to the Vaults.
 23175 | D:14     | Found an iron altar of Okawaru.
 23239 | D:14     | Found a shimmering altar of Xom.
 23253 | D:14     | Found Hied's Humungous Hoard.
 23262 | D:14     | Bought a scroll of holy word for 142 gold pieces
 23262 | D:14     | Bought a wand of hasting (2/9) for 684 gold pieces
 23262 | D:14     | Bought a wand of heal wounds (3/9) for 798 gold pieces
 23500 | D:14     | Noticed Azzok's ghost (journeyman DsBe)
 23524 | D:14     | Killed Azzok's ghost
 23884 | D:14     | Reached skill level 15 in Fighting
 24022 | D:14     | Received a gift from Okawaru
 24084 | D:15     | Entered Level 15 of the Dungeon
 24277 | D:15     | Noticed Josephine
 24293 | D:15     | Killed Josephine
 24523 | D:15     | Identified Evoej Cyina's Almanac of the Snowflakes
 25067 | D:15     | Found a staircase to the Depths.
 25454 | Orc:1    | Entered Level 1 of the Orcish Mines
 25581 | Orc:1    | Found Uqigyqu's Weapon Emporium.
 25873 | Orc:2    | Entered Level 2 of the Orcish Mines
 25873 | Orc:2    | Found Deitoh's Assorted Antiques.
 25891 | Orc:2    | Bought a scroll labeled XASORE NABONT for 29 gold pieces
 25891 | Orc:2    | Bought a scroll of identify for 58 gold pieces
 25891 | Orc:2    | Bought a scroll of identify for 58 gold pieces
 25891 | Orc:2    | Bought a potion of curing for 87 gold pieces
 26027 | Orc:2    | Found a roughly hewn altar of Beogh.
 26103 | Orc:2    | Found a staircase to the Elven Halls.
 26416 | Orc:2    | Found Ifoat's Assorted Antiques.
 26488 | Orc:2    | Received a gift from Okawaru
 26509 | Orc:2    | Paralysed by an orc sorcerer for 5 turns
 26539 | Orc:2    | Found Mekhatzi's Distillery.
 26544 | Orc:2    | Found Gumadgho's Armour Emporium.
 26558 | Orc:2    | Found Edwiotru's Antique Armour Boutique.
 26780 | Orc:2    | Bought a potion of resistance for 100 gold pieces
 26780 | Orc:2    | Bought a potion of curing for 30 gold pieces
 26780 | Orc:2    | Bought a potion of agility for 40 gold pieces
 26780 | Orc:2    | Bought a potion of agility for 40 gold pieces
 26780 | Orc:2    | Bought a potion of ambrosia for 80 gold pieces
 26780 | Orc:2    | Bought a potion of curing for 30 gold pieces
 27019 | Spider:1 | Entered Level 1 of the Spider Nest
 27026 | Spider:1 | Received a gift from Okawaru
 27177 | Spider:1 | Noticed Kirke
 27312 | Spider:1 | Killed Kirke
 27409 | Spider:1 | Reached skill level 18 in Fighting
 27578 | Spider:1 | Reached XP level 16. HP: 62/157 MP: 21/21
 28273 | Spider:2 | Received a gift from Okawaru
 29037 | Spider:3 | Noticed Aizul
 29051 | Spider:3 | Killed Aizul
 29444 | Spider:3 | Received a gift from Okawaru
 29508 | Spider:3 | Reached skill level 12 in Armour
 30043 | Spider:4 | Entered Level 4 of the Spider Nest
 30360 | Spider:4 | Received a gift from Okawaru
 31192 | Spider:4 | Reached XP level 17. HP: 38/163 MP: 3/22
 31211 | Spider:4 | Noticed Donald
 31601 | Spider:4 | Killed Donald
 32010 | Spider:4 | Got a gossamer rune of Zot
 32255 | Shoals:1 | Entered Level 1 of the Shoals
 32296 | Shoals:1 | Noticed a kraken
 32502 | Shoals:1 | Killed a kraken
 32640 | Shoals:1 | Found Zeggoq's Book Emporium.
 32677 | Shoals:1 | Received a gift from Okawaru
 32680 | Shoals:1 | Got a brightly glowing crystal plate armour {god gift}
 32691 | Shoals:1 | Identified the +3 crystal plate armour "Pin Yqur" {god gift, rC- rN+ Dex+7 Stlth+} (Okawaru gifted it to you on level 1 of the Shoals)
 32710 | Shoals:1 | Got a fine bronze ring
 32717 | Shoals:1 | Identified the ring "Zypocsanan" {*Corrode +Inv rF++ Dex+4 Stlth+} (You found it on level 1 of the Shoals)
 33144 | Shoals:2 | Reached skill level 15 in Shields
 33318 | Shoals:2 | Found Ejol's Assorted Antiques.
 33459 | Shoals:2 | Identified the Guide on the Supportive Rocks
 33578 | Shoals:2 | Bought a potion of heal wounds for 200 gold pieces
 33578 | Shoals:2 | Bought a scroll of teleportation for 120 gold pieces
 33578 | Shoals:2 | Bought a scroll of enchant armour for 300 gold pieces
 33578 | Shoals:2 | Bought a scroll of enchant armour for 300 gold pieces
 33587 | Shoals:2 | Learned a level 1 spell: Apportation
 33601 | Shoals:2 | Noticed a kraken
 33616 | Shoals:2 | Killed a kraken
 33769 | Shoals:2 | Noticed a kraken
 33784 | Shoals:2 | Killed a kraken
 33917 | Shoals:3 | Noticed a kraken
 34236 | Shoals:3 | Killed a kraken
 34478 | Shoals:3 | Received a gift from Okawaru
 34484 | Shoals:3 | Got a pair of translucent boots {god gift}
 34495 | Shoals:3 | Identified the +2 pair of boots "Wuxzera" {god gift, rF- Int+5} (Okawaru gifted it to you on level 3 of the Shoals)
 34522 | Shoals:3 | Found Fequmo Waixo's Antique Armour Emporium.
 34646 | Shoals:3 | Reached skill level 15 in Dodging
 34692 | Shoals:3 | Reached skill level 15 in Armour
 34931 | Shoals:4 | Entered Level 4 of the Shoals
 35298 | Shoals:4 | Reached XP level 18. HP: 163/172 MP: 23/23
 35299 | Shoals:4 | Got a barnacled rune of Zot
 35509 | Shoals:4 | Noticed Ilsuiw
 35521 | Shoals:4 | Killed Ilsuiw
 35525 | Shoals:4 | Received a gift from Okawaru
 35632 | Shoals:4 | Noticed Louise
 35646 | Shoals:4 | Killed Louise
 35682 | Shoals:4 | Noticed Roxanne
 36131 | Shoals:4 | Cast into level 3 of the Abyss (a Zot trap)
 36274 | Abyss:3  | Gained mutation: Your mind is acute. (Int +2) [a neqoxec]
 36337 | Shoals:4 | Escaped the Abyss
 37336 | Vaults:1 | Entered Level 1 of the Vaults
 37498 | Vaults:1 | Received a gift from Okawaru
 38382 | Vaults:1 | Received a gift from Okawaru
 39195 | Vaults:2 | Reached XP level 19. HP: 119/179 MP: 24/24
 39353 | Vaults:2 | Found Dunul's General Store.
 39656 | Vaults:2 | Reached skill level 18 in Shields
 39913 | Vaults:2 | Received a gift from Okawaru
 40894 | Vaults:2 | Received a gift from Okawaru
 41061 | Vaults:2 | Found a staircase to the Crypt.
 41260 | Vaults:3 | Reached skill level 18 in Armour
 41646 | Vaults:3 | Learned a level 2 spell: Repel Missiles
 41776 | Vaults:3 | Received a gift from Okawaru
 42066 | Vaults:3 | Reached skill level 18 in Dodging
 42154 | Vaults:3 | Received a gift from Okawaru
 42448 | Vaults:3 | Identified the cursed -11 large shield of Edeiqed {Dex+5} (You found it on level 3 of the Vaults)
 42598 | Vaults:3 | Reached XP level 20. HP: 159/186 MP: 25/25
 43671 | Vaults:4 | Reached skill level 18 in Long Blades
 43847 | Vaults:4 | Paralysed by an ogre mage for 7 turns
 43860 | Vaults:4 | Received a gift from Okawaru
 43957 | Vaults:4 | Found a roughly hewn altar of Beogh.
 44818 | Vaults:4 | Received a gift from Okawaru
 45321 | Vaults:4 | Received a gift from Okawaru
 45472 | D:13     | Bought the ring of False Pretenses {+Blink rC+ Str+2 Int+3 SInv} for 790 gold pieces
 45664 | Elf:1    | Entered Level 1 of the Elven Halls
 45716 | Elf:1    | Reached XP level 21. HP: 193/193 MP: 26/26
 45763 | Elf:1    | Identified the Grimoire of Stolen Souls
 46056 | Elf:1    | Found a deep blue altar of Sif Muna.
 46403 | Elf:1    | Found a radiant altar of Vehumet.
 46655 | Elf:1    | You fall through a shaft!
 46699 | Elf:2    | Reached skill level 9 in Invocations
 46699 | Elf:2    | Reached skill level 9 in Evocations
 46728 | Elf:2    | Found a huge runed gate.
 46729 | Elf:2    | Found a huge runed gate.
 46730 | Elf:2    | Found a huge runed gate.
 46731 | Elf:2    | Found a huge runed gate.
 46732 | Elf:2    | Found a huge runed gate.
 46800 | Elf:2    | Received a gift from Okawaru
 47457 | Elf:3    | Entered Level 3 of the Elven Halls
 47723 | Elf:3    | Received a gift from Okawaru
 48553 | Elf:3    | Identified the Incunabulum of Dark Rites and Displacement
 48563 | Elf:3    | Identified the Grimoire of Conjuration
 48575 | Elf:3    | Identified the Volume of Conjuration and Stones
 48581 | Elf:3    | Identified the Tome of Venomous Malediction
 48865 | Elf:3    | Found a deep blue altar of Sif Muna.
 48938 | Elf:3    | Reached skill level 12 in Invocations
 48950 | Elf:3    | Noticed Blork the orc
 48955 | Elf:3    | Killed Blork the orc
 48961 | Elf:3    | Found a deep blue altar of Sif Muna.
 48980 | Elf:3    | Received a gift from Okawaru
 49032 | Elf:3    | Identified a scroll of acquirement
 49200 | Elf:3    | Reached XP level 22. HP: 202/202 MP: 30/30
 49560 | Depths:1 | Entered Level 1 of the Depths
 49631 | Depths:1 | Reached skill level 12 in Evocations
 49737 | Depths:1 | Found a shattered altar of Ashenzari.
 50024 | Depths:1 | Found a one-way gate to the infinite horrors of the Abyss.
 50734 | Depths:1 | Found a gateway to Hell.
 50851 | Hell     | Entered the Vestibule of Hell
 50851 | Hell     | Noticed Geryon
 51081 | Depths:2 | Found a bloodstained altar of Trog.
 51097 | Depths:2 | Received a gift from Okawaru
 51563 | Depths:2 | Noticed Mara
 51578 | Depths:2 | Noticed Gorglomux's illusion
 51648 | Depths:2 | Killed Mara
 52473 | Depths:2 | Noticed the Enchantress
 52494 | Depths:2 | Killed the Enchantress
 52499 | Depths:2 | Received a gift from Okawaru
 52526 | Depths:2 | Got faerie dragon scales
 52537 | Depths:2 | Identified the +2 faerie dragon scales {*Corrode rN+ MR++} (You took it off the Enchantress on level 2 of the Depths)
 52552 | Depths:2 | Got a spiked cloak
 52563 | Depths:2 | Identified the +1 cloak "Soiz" {-Cast rN+++ Regen+ Stlth+} (You found it on level 2 of the Depths)
 52952 | Depths:2 | Reached XP level 23. HP: 188/209 MP: 33/33
 53029 | Depths:3 | Found a one-way gate leading to the halls of Pandemonium.
 53091 | Depths:3 | Reached skill level 15 in Invocations
 53326 | Depths:3 | Found a gateway to a ziggurat.
 53476 | Depths:3 | Found a flickering gateway to a bazaar.
 53627 | Bazaar   | Entered a bazaar
 53641 | Bazaar   | Found Gotoicue's General Store.
 53656 | Bazaar   | Found Feehal's Antique Weapon Shoppe.
 53656 | Bazaar   | Found Zoqes's Book Emporium.
 53677 | Bazaar   | Found Jilon's Jewellery Shoppe.
 53737 | Bazaar   | Bought a scroll of teleportation for 42 gold pieces
 53737 | Bazaar   | Bought a scroll of teleportation for 42 gold pieces
 53737 | Bazaar   | Bought a scroll of teleportation for 42 gold pieces
 53737 | Bazaar   | Bought a scroll of blinking for 105 gold pieces
 53737 | Bazaar   | Bought a scroll of identify for 28 gold pieces
 53763 | Bazaar   | Bought a +1 ring of evasion for 36 gold pieces
 53867 | Depths:3 | Received a gift from Okawaru
 53878 | Depths:3 | Reached skill level 15 in Evocations
 53893 | Depths:3 | Got a crystal demon blade {god gift}
 53894 | Depths:3 | Identified the +12 demon blade "Nippuodd" {god gift, elec, Dex+2 Stlth+} (Okawaru gifted it to you on level 3 of the Depths)
 54398 | Depths:3 | Received a gift from Okawaru
 54502 | Depths:3 | Noticed a juggernaut
 54513 | Depths:3 | Killed a juggernaut
 55398 | Depths:4 | Noticed a caustic shrike
 55405 | Depths:4 | Killed a caustic shrike
 55405 | Depths:4 | Received a gift from Okawaru
 55630 | Depths:4 | Gained mutation: You expend magic power (3 MP) to strengthen your wands. [a neqoxec]
 55631 | Depths:4 | Gained mutation: You are clumsy. (Dex -2) [a neqoxec]
 55635 | Depths:4 | Received a gift from Okawaru
 55844 | Depths:4 | Received a gift from Okawaru
 55849 | Depths:4 | Reached XP level 24. HP: 149/216 MP: 34/34
 55869 | Depths:4 | Identified the +7 long sword "Jomueromol" {god gift, slice, rF+ Str+3 Int-2 Dex+3} (Okawaru gifted it to you on level 4 of the Depths)
 56158 | Depths:5 | Entered Level 5 of the Depths
 56160 | Depths:5 | Found Cihum's Assorted Antiques.
 56164 | Depths:5 | Noticed a juggernaut
 56178 | Depths:5 | Killed a juggernaut
 56208 | Depths:5 | Bought a scroll of teleportation for 69 gold pieces
 56208 | Depths:5 | Bought a scroll labeled JINEAV YPTEFF for 23 gold pieces
 56601 | Depths:5 | Received a gift from Okawaru
 56701 | Depths:5 | Found a gate to the Realm of Zot.
 56727 | Depths:5 | Identified the +8 falchion "Laclez Wuxa" {god gift, holy, Int+3} (Okawaru gifted it to you on level 5 of the Depths)
 57251 | Depths:5 | Noticed Sojobo
 57270 | Depths:5 | Reached skill level 18 in Invocations
 57282 | Depths:5 | Killed Sojobo
 57318 | Depths:5 | Received a gift from Okawaru
 58081 | Crypt:1  | Entered Level 1 of the Crypt
 58688 | Crypt:1  | Received a gift from Okawaru
 58797 | Crypt:1  | Gained mutation: You occasionally shout uncontrollably at your foes. [mutagenic glow]
 58942 | Crypt:1  | Identified the +2 hat of Kemmebui {god gift, rC+ Str+4 Slay+2} (Okawaru gifted it to you on level 1 of the Crypt)
 58980 | Crypt:1  | Identified the Handbook of Stolen Souls
 59096 | Crypt:2  | Noticed a greater mummy
 59109 | Crypt:2  | Killed a greater mummy
 59126 | Crypt:2  | Reached skill level 18 in Evocations
 59153 | Crypt:2  | Noticed a greater mummy
 59448 | Crypt:2  | Reached XP level 25. HP: 218/218 MP: 35/35
 59571 | Crypt:2  | Noticed Jory
 59580 | Crypt:2  | Killed Jory
 60031 | Crypt:2  | Killed a greater mummy
 60091 | Crypt:2  | Noticed a greater mummy
 60101 | Crypt:2  | Killed a greater mummy
 60746 | Temple   | Fell from the grace of Okawaru
 60746 | Temple   | Became a worshipper of Uskayaw the Reveler
 60911 | Lair:1   | Reached * piety under Uskayaw
 60991 | Slime:1  | Entered Level 1 of the Pits of Slime
 60995 | Slime:1  | Reached ** piety under Uskayaw
 60999 | Slime:1  | Reached *** piety under Uskayaw
 61003 | Slime:1  | Reached **** piety under Uskayaw
 61005 | Slime:1  | Gained mutation: Scrolls take you a little longer to read. [a shining eye]
 61007 | Slime:1  | Reached ***** piety under Uskayaw
 61699 | Slime:2  | Reached ****** piety under Uskayaw
 62374 | Slime:3  | Gained mutation: You tend to lose your temper in combat. [a shining eye]
 62494 | Slime:4  | Reached skill level 1 in Throwing
 63079 | Slime:5  | Entered Level 5 of the Pits of Slime
 63118 | Slime:5  | Gained mutation: Armour fits poorly on your strangely shaped body. [a shining eye]
 63124 | Slime:5  | Reached skill level 3 in Throwing
 63129 | Slime:5  | Gained mutation: Your body sometimes deteriorates upon taking damage. [a shining eye]
 63131 | Slime:5  | Gained mutation: You are weak. (Str -2) [a shining eye]
 63144 | Slime:5  | Gained mutation: You sometimes yell uncontrollably at your foes. [a shining eye]
 63149 | Slime:5  | Noticed the Royal Jelly
 63150 | Slime:5  | Killed the Royal Jelly
 63547 | Slime:5  | Got an ancient steel ring
 63551 | Slime:5  | Identified the ring of Suspected Treachery {Ice MR+ Dex+2} (You found it on level 5 of the Pits of Slime)
 63619 | Slime:5  | Got a slimy rune of Zot
 63645 | Slime:5  | Identified the Tome of Flamy Attacks
 64305 | Crypt:3  | Entered Level 3 of the Crypt
 64647 | Crypt:3  | Reached XP level 26. HP: 234/234 MP: 36/36
 65037 | Crypt:3  | Found an ancient bone altar of Kikubaaqudgha.
 65241 | Crypt:3  | Noticed an ancient lich
 65256 | Crypt:3  | Killed an ancient lich
 65925 | Crypt:3  | Got a wavering steel amulet
 65925 | Crypt:3  | Got a glittering platinum ring
 65925 | Crypt:3  | Got a faintly glowing brass ring
 65927 | Crypt:3  | Identified the ring of Woejasah {*Corrode rPois rN+ Int+5 Dex+3} (You found it on level 3 of the Crypt)
 65933 | Crypt:3  | Identified the ring "Okynko" {rElec rPois rF+ rC+ rN+} (You found it on level 3 of the Crypt)
 65935 | Crypt:3  | Identified the amulet "Moajoo Mauv" {rPois Regen+ Str+5 Dex-5} (You found it on level 3 of the Crypt)
 65942 | Crypt:3  | Got a glittering pewter amulet
 65945 | Crypt:3  | Identified the amulet "Ibrebe" {-Tele rC++ Regen+ SInv} (You found it on level 3 of the Crypt)
 66086 | Crypt:3  | Found a staircase to the Tomb.
 66101 | Tomb:1   | Entered Level 1 of the Tomb of the Ancients
 66571 | Vaults:5 | Entered Level 5 of the Vaults
 67331 | Lair:1   | Lost mutation: Your mind is acute. (Int +2) [potion of cure mutation]
 67331 | Lair:1   | Lost mutation: Armour fits poorly on your strangely shaped body. [potion of cure mutation]
 67331 | Lair:1   | Lost mutation: You tend to lose your temper in combat. [potion of cure mutation]
 67331 | Lair:1   | Lost mutation: You expend magic power (3 MP) to strengthen your wands. [potion of cure mutation]
 67331 | Lair:1   | Lost mutation: You sometimes yell uncontrollably at your foes. [potion of cure mutation]
 67630 | Vaults:5 | Got a silver rune of Zot
 67632 | Vaults:5 | Got a bound jade amulet
 67635 | Vaults:5 | Identified the amulet of the Dozen Lies {+Fly rC+ MR+ Regen+} (You found it on level 5 of the Vaults)
 67812 | Vaults:5 | Identified the Tome of Calling
 68134 | Vaults:5 | Reached skill level 21 in Shields
 68242 | Vaults:5 | Identified the +9 plate armour "Viasto" {rF- rC+ rN+ rCorr} (You found it on level 5 of the Vaults)
 68267 | Vaults:5 | Identified the +4 falchion of a bazaar {antimagic, rPois Int+8 Dex-2} (You found it on level 5 of the Vaults)
 68424 | Vaults:5 | Reached XP level 27. HP: 248/248 MP: 36/36
 68568 | Vaults:5 | Noticed an ancient lich
 68593 | Vaults:5 | Killed an ancient lich
 68677 | Vaults:5 | Identified the +4 scale mail of Butozonu {rF++} (You found it on level 5 of the Vaults)
 68686 | Vaults:5 | Identified the Volume of Assistive Transmigration
 69584 | Hell     | Noticed Murray
 69607 | Hell     | Killed Geryon
 69719 | Hell     | Killed Murray
 69748 | Hell     | Reached skill level 21 in Armour
 69840 | Hell     | Found a gateway to the decaying netherworld of Tartarus.
 69920 | Hell     | Found a gateway to the ashen valley of Gehenna.
 70006 | Hell     | Found a gateway to the Iron City of Dis.
 70112 | Hell     | Found a gateway to the freezing wastes of Cocytus.
 70198 | Geh:1    | Entered Level 1 of Gehenna
 70207 | Geh:1    | Reached skill level 21 in Fighting
 71030 | Geh:2    | Was forgiven by Okawaru
 71109 | Geh:3    | Gained mutation: You are very weak. (Str -4) [mutagenic glow]
 71214 | Geh:3    | Gained mutation: Your spells are a little harder to cast, but a little more powerful. [mutagenic glow]
 71600 | Geh:4    | Reached skill level 21 in Dodging
 72711 | Geh:5    | Reached skill level 1 in Unarmed Combat
 73217 | Geh:7    | Entered Level 7 of Gehenna
 73449 | Geh:7    | Noticed the Serpent of Hell
 73472 | Geh:7    | Killed the Serpent of Hell
 74401 | Geh:7    | Noticed Asmodeus
 74423 | Geh:7    | Killed Asmodeus
 74507 | Geh:7    | Got an obsidian rune of Zot
 75217 | Depths:5 | Bought a potion of cure mutation for 575 gold pieces
 75217 | Depths:5 | Bought a potion of cancellation for 184 gold pieces
 75246 | Depths:4 | Voluntarily entered the Abyss.
 75576 | Abyss:3  | Paralysed by accursed screaming for 2 turns
 75586 | Abyss:3  | Paralysed by accursed screaming for 2 turns
 75621 | Abyss:3  | Got an abyssal rune of Zot
 75708 | Depths:4 | Escaped the Abyss
 75820 | Zot:1    | Entered Level 1 of the Realm of Zot
 76228 | Zot:1    | Reached skill level 24 in Shields
 77136 | Zot:2    | Got a fine turquoise ring
 77592 | Zot:3    | Reached skill level 24 in Armour
 77607 | Zot:3    | Reached skill level 24 in Fighting
 77635 | Zot:3    | Noticed an orb of fire
 77639 | Zot:3    | Lost mutation: Scrolls take you a little longer to read. [an orb of fire]
 77653 | Zot:3    | Killed an orb of fire
 78655 | Zot:5    | Entered Level 5 of the Realm of Zot
 79055 | Lair:1   | Identified the ring of Dele {*Slow MR+ Str+8} (You found it on level 2 of the Realm of Zot)
 80143 | Tar:1    | Entered Level 1 of Tartarus
 80432 | Tar:3    | Reached skill level 24 in Dodging
 82299 | Tar:7    | Entered Level 7 of Tartarus
 82587 | Tar:7    | Noticed Ereshkigal
 82618 | Tar:7    | Killed Ereshkigal
 82749 | Tar:7    | Got a bone rune of Zot
 84230 | Dis:1    | Entered Level 1 of the Iron City of Dis
 85112 | Dis:6    | Gained mutation: Scrolls take you a little longer to read. [mutagenic glow]
 85224 | Dis:6    | Gained mutation: You are very clumsy. (Dex -4) [mutagenic glow]
 85243 | Dis:6    | Reached skill level 27 in Armour
 85300 | Dis:7    | Entered Level 7 of the Iron City of Dis
 85442 | Dis:7    | Reached skill level 27 in Fighting
 85690 | Dis:7    | Reached skill level 21 in Evocations
 86757 | Dis:7    | Noticed Dispater
 86787 | Dis:7    | Killed Dispater
 86829 | Dis:7    | Identified the +5 plate armour of Qiafuil {rElec rC- Str+8 Int+4} (You found it on level 7 of the Iron City of Dis)
 86830 | Dis:7    | Got an iron rune of Zot
 86834 | Dis:7    | Identified the +4 plate armour of Ykhlio Seum {*Drain rCorr Str+3} (You found it on level 7 of the Iron City of Dis)
 86983 | Dis:7    | Identified the ring "Rometir" {+Blink MP+9} (You found it on level 7 of the Iron City of Dis)
 87140 | Dis:7    | Reached skill level 27 in Dodging
 87709 | Coc:1    | Entered Level 1 of Cocytus
 88757 | Coc:3    | Reached skill level 24 in Evocations
 89489 | Coc:7    | Entered Level 7 of Cocytus
 89890 | Coc:7    | Noticed Antaeus
 89948 | Coc:7    | Killed Antaeus
 89966 | Coc:7    | Got an icy rune of Zot
 89972 | Coc:7    | Got a pitted iron ring
 89975 | Coc:7    | Identified the ring "Xysue" {*Drain +Inv rC+++ Str+3 Dex+3} (You found it on level 7 of Cocytus)
 89992 | Coc:7    | Identified the Handbook of the Sage
 90787 | Pan      | Entered Pandemonium
 90790 | Pan      | Noticed North's ghost (legendary MiFi)
 90812 | Pan      | Killed North's ghost
 90852 | Pan      | Reached skill level 3 in Stealth
 91451 | Pan      | Noticed Ozanki Ozah the pandemonium lord
 91461 | Pan      | Killed Ozanki Ozah the pandemonium lord
 91480 | Pan      | Found an exit through the horrors of the Abyss.
 91752 | Pan      | Reached skill level 1 in Spellcasting
 92147 | Pan      | Got a demonic rune of Zot
 92270 | Pan      | Took an exit into the Abyss.
 92270 | Abyss:1  | Escaped into the Abyss
 92406 | Depths:3 | Escaped the Abyss
 92648 | Vaults:4 | Learned a level 3 spell: Regeneration
 92789 | Crypt:1  | Learned a level 5 spell: Dispel Undead
 93872 | Pan      | Entered Pandemonium
 93906 | Pan      | Reached skill level 3 in Spellcasting
 93964 | Pan      | Reached skill level 1 in Necromancy
 94139 | Pan      | Noticed Isoamun the pandemonium lord
 94156 | Pan      | Cast into level 5 of the Abyss (Isoamun)
 94156 | Abyss:5  | Entered Level 5 of the Abyss
 94187 | Abyss:5  | Reached skill level 1 in Charms
 94467 | Abyss:5  | Reached skill level 3 in Necromancy
 94477 | Abyss:5  | Reached skill level 3 in Charms
 94562 | Pan      | Escaped the Abyss
 95074 | Pan      | Found an exit through the horrors of the Abyss.
 95180 | Pan      | Found an exit through the horrors of the Abyss.
 95180 | Pan      | Noticed Ollupip the pandemonium lord
 95191 | Pan      | Killed Ollupip the pandemonium lord
 95326 | Pan      | Gained mutation: You are dopey. (Int -2) [a cacodemon]
 95779 | Pan      | Reached skill level 6 in Spellcasting
 95931 | Pan      | Reached skill level 6 in Necromancy
 95974 | Pan      | Found an exit through the horrors of the Abyss.
 96018 | Pan      | Noticed Xutratterch the pandemonium lord
 96029 | Pan      | Killed Xutratterch the pandemonium lord
 96596 | Pan      | Reached skill level 6 in Charms
 96872 | Pan      | Noticed Ecihin the pandemonium lord
 96875 | Pan      | Killed Ecihin the pandemonium lord
 97081 | Pan      | Noticed Hyenuc the pandemonium lord
 97085 | Pan      | Killed Hyenuc the pandemonium lord
 97129 | Pan      | Entered the realm of Lom Lobon.
 97590 | Pan      | Found an exit through the horrors of the Abyss.
 97828 | Pan      | Noticed Lom Lobon
 97829 | Pan      | Killed Lom Lobon
 98034 | Pan      | Got a magical rune of Zot
 98318 | Pan      | Reached skill level 9 in Necromancy
 98514 | Pan      | Found an exit through the horrors of the Abyss.
 98537 | Pan      | Reached skill level 9 in Spellcasting
 99062 | Pan      | Found an exit through the horrors of the Abyss.
 99308 | Pan      | Entered the realm of Cerebov.
 99736 | Pan      | Reached skill level 9 in Charms
 99738 | Pan      | Noticed Cerebov
 99744 | Pan      | Killed Cerebov
 99796 | Pan      | Identified the amulet of Kurem {Faith Dex+5} (You found it in Pandemonium)
 99832 | Pan      | Got a fiery rune of Zot
100338 | Pan      | Noticed Xymmon the pandemonium lord
100346 | Pan      | Killed Xymmon the pandemonium lord
100391 | Pan      | Noticed Nefushih the pandemonium lord
100401 | Pan      | Killed Nefushih the pandemonium lord
101105 | Pan      | Found an exit through the horrors of the Abyss.
101353 | Pan      | Found an exit through the horrors of the Abyss.
101704 | Pan      | Noticed Nideruth the pandemonium lord
101705 | Pan      | Gained mutation: Your magical capacity is low. (-10% MP) [a neqoxec]
101724 | Pan      | Killed Nideruth the pandemonium lord
101986 | Pan      | Noticed Zux Syto the pandemonium lord
101987 | Pan      | Killed Zux Syto the pandemonium lord
102019 | Pan      | Noticed Geifos the pandemonium lord
102019 | Pan      | Gained mutation: Your magical capacity is very low. (-20% MP) [a cacodemon]
102042 | Pan      | Killed Geifos the pandemonium lord
102198 | Pan      | Noticed Omuiraat the pandemonium lord
102199 | Pan      | Reached skill level 12 in Necromancy
102200 | Pan      | Killed Omuiraat the pandemonium lord
102690 | Pan      | Gained mutation: You expend magic power (3 MP) to strengthen your wands. [a cacodemon]
102694 | Pan      | Gained mutation: Armour fits poorly on your strangely shaped body. [a cacodemon]
102710 | Pan      | Found an exit through the horrors of the Abyss.
102765 | Pan      | Found an exit through the horrors of the Abyss.
102960 | Pan      | Gained mutation: You have large cloven feet. [potion of beneficial mutation]
102982 | Pan      | Gained mutation: Your body often deteriorates upon taking damage. [a cacodemon]
103056 | Pan      | Noticed Nugogo the pandemonium lord
103062 | Pan      | Reached skill level 12 in Spellcasting
103062 | Pan      | Killed Nugogo the pandemonium lord
103306 | Pan      | Noticed Foakkuw the pandemonium lord
103313 | Pan      | Killed Foakkuw the pandemonium lord
103637 | Pan      | Entered the realm of Gloorx Vloq.
103701 | Pan      | Reached skill level 12 in Charms
103749 | Pan      | Noticed Gloorx Vloq
103750 | Pan      | Killed Gloorx Vloq
103751 | Pan      | Got a dark rune of Zot
103815 | Pan      | Found an exit through the horrors of the Abyss.
104261 | Pan      | Entered the realm of Mnoleg.
104389 | Pan      | Gained mutation: Your magical capacity is extremely low. (-30% MP) [a neqoxec]
104393 | Pan      | Gained mutation: You are frail. (-10% HP) [a neqoxec]
104412 | Pan      | Noticed Mnoleg
104413 | Pan      | Killed Mnoleg
104446 | Pan      | Got a glowing rune of Zot
104508 | Pan      | Gained mutation: You are very frail. (-20% HP) [a cacodemon]
104527 | Pan      | Found an exit through the horrors of the Abyss.
104548 | Pan      | Took an exit into the Abyss.
104548 | Abyss:1  | Escaped into the Abyss
104592 | Depths:3 | Escaped the Abyss
105053 | Vaults:5 | Paralysed by a sphinx for 7 turns
106142 | Tomb:1   | Noticed a greater mummy
106152 | Tomb:1   | Noticed a greater mummy
106154 | Tomb:1   | Killed a greater mummy
106169 | Tomb:1   | Killed a greater mummy
106490 | Tomb:1   | Noticed a greater mummy
106499 | Tomb:1   | Killed a greater mummy
107187 | Tomb:2   | Noticed an ancient lich
107188 | Tomb:2   | Noticed a greater mummy
107188 | Tomb:2   | Noticed a greater mummy
107188 | Tomb:2   | Noticed a greater mummy
107481 | Tomb:1   | Killed a greater mummy
107689 | Tomb:1   | Killed a greater mummy
107700 | Tomb:2   | Killed an ancient lich
107847 | Tomb:1   | Killed a greater mummy
109153 | Tomb:1   | Noticed a greater mummy
109156 | Tomb:1   | Noticed a greater mummy
109164 | Tomb:1   | Killed a greater mummy
109498 | Tomb:1   | Noticed a greater mummy
109502 | Tomb:1   | Killed a greater mummy
109520 | Tomb:1   | Killed a greater mummy
109528 | Tomb:1   | Lost mutation: You are very frail. (-20% HP) [potion of cure mutation]
109528 | Tomb:1   | Lost mutation: You are very weak. (Str -4) [potion of cure mutation]
109528 | Tomb:1   | Lost mutation: Your body often deteriorates upon taking damage. [potion of cure mutation]
109528 | Tomb:1   | Lost mutation: Armour fits poorly on your strangely shaped body. [potion of cure mutation]
109528 | Tomb:1   | Lost mutation: You expend magic power (3 MP) to strengthen your wands. [potion of cure mutation]
109528 | Tomb:1   | Lost mutation: Scrolls take you a little longer to read. [potion of cure mutation]
109843 | Tomb:1   | Noticed a greater mummy
109849 | Tomb:1   | Killed a greater mummy
109857 | Tomb:1   | Noticed a greater mummy
109875 | Tomb:1   | Killed a greater mummy
109967 | Tomb:1   | Noticed a greater mummy
109973 | Tomb:1   | Noticed a greater mummy
109975 | Tomb:1   | Killed a greater mummy
109986 | Tomb:1   | Killed a greater mummy
109994 | Tomb:1   | Noticed a greater mummy
109997 | Tomb:1   | Killed a greater mummy
109997 | Tomb:1   | Reached skill level 27 in Evocations
110257 | Tomb:1   | Noticed a greater mummy
110275 | Tomb:1   | Killed a greater mummy
110300 | Tomb:1   | Noticed a greater mummy
110312 | Tomb:1   | Killed a greater mummy
110371 | Tomb:1   | Noticed a greater mummy
110490 | Tomb:1   | Killed a greater mummy
110836 | Tomb:1   | Noticed a greater mummy
110846 | Tomb:1   | Killed a greater mummy
110914 | Tomb:1   | Noticed a greater mummy
110922 | Tomb:1   | Noticed a greater mummy
110927 | Tomb:1   | Killed a greater mummy
110943 | Tomb:1   | Killed a greater mummy
111547 | Tomb:3   | Entered Level 3 of the Tomb of the Ancients
111568 | Tomb:3   | Noticed a greater mummy
111572 | Tomb:3   | Noticed a greater mummy
111905 | Tomb:3   | Noticed a greater mummy
112096 | Tomb:2   | Killed a greater mummy
112098 | Tomb:2   | Killed a greater mummy
112386 | Tomb:3   | Noticed an ancient lich
112389 | Tomb:2   | Reached skill level 27 in Shields
113008 | Tomb:2   | Killed an ancient lich
113008 | Tomb:2   | Reached skill level 21 in Invocations
113025 | Tomb:2   | Killed a greater mummy
114578 | Tomb:3   | Noticed a greater mummy
114589 | Tomb:3   | Killed a greater mummy
114593 | Tomb:3   | Noticed a greater mummy
114607 | Tomb:3   | Killed a greater mummy
114630 | Tomb:3   | HP: 11/228 [??? (3)]
115243 | Tomb:3   | Noticed Khufu
115255 | Tomb:3   | Killed Khufu
115273 | Tomb:3   | Noticed a greater mummy
115289 | Tomb:3   | Killed a greater mummy
115302 | Tomb:3   | Got a golden rune of Zot
116435 | Zot:5    | Noticed cotteux's ghost (master MiBe)
116461 | Zot:5    | Killed cotteux's ghost
116728 | Zot:5    | Noticed an orb of fire
116742 | Zot:5    | Noticed an orb of fire
116760 | Zot:5    | Gained mutation: You tend to lose your temper in combat. [an orb of fire]
116762 | Zot:5    | Killed an orb of fire
116762 | Zot:5    | Gained mutation: Armour fits poorly on your strangely shaped body. [an orb of fire]
116771 | Zot:5    | Killed an orb of fire
116806 | Zot:5    | Noticed an ancient lich
116824 | Zot:5    | Killed an ancient lich
116824 | Zot:5    | Reached skill level 24 in Invocations
117020 | Zot:5    | Lost mutation: Your body sometimes deteriorates upon taking damage. [potion of cure mutation]
117020 | Zot:5    | Lost mutation: You are frail. (-10% HP) [potion of cure mutation]
117020 | Zot:5    | Lost mutation: Your magical capacity is extremely low. (-30% MP) [potion of cure mutation]
117020 | Zot:5    | Lost mutation: You are dopey. (Int -2) [potion of cure mutation]
117133 | Zot:5    | Got the Orb of Zot
117187 | Zot:5    | Noticed an ancient lich
117193 | Zot:5    | Killed an ancient lich
117419 | Depths:5 | Noticed Wantug the pandemonium lord
117435 | Depths:5 | Killed Wantug the pandemonium lord
117598 | D:15     | Noticed Ydwouph the pandemonium lord
117716 | D:8      | Noticed Fenapehi the pandemonium lord
117740 | D:8      | Killed Fenapehi the pandemonium lord
117910 | D:5      | Noticed Telozez the pandemonium lord
118045 | D:$      | Escaped with the Orb!

Skill      XL: |  1  2  3  4  5  6  7  8  9 10 11 12 13 14 15 16 17 18 19 20 21 22 23 24 25 26 27 |
---------------+----------------------------------------------------------------------------------+-----
Long Blades    | 4 5 6 7 8 9 11 13 15 16 20 | 20.5
Armour         | 2 6 8 9 11 13 15 17 18 19 20 27 | 27.0
Fighting       | 4 7 9 11 13 18 20 27 | 27.0
Invocations    | 2 5 7 8 12 14 17 19 20 25 | 25.6
Dodging        | 4 6 9 12 13 15 16 18 20 27 | 27.0
Shields        | 8 12 14 16 17 19 21 27 | 27.0
Evocations     | 6 7 8 11 14 16 18 27 | 27.0
Throwing       | 4 |  4.6
Unarmed Combat | 1 |  1.0
Stealth        | 5 |  5.4
Spellcasting   | 14 | 14.0
Necromancy     | 14 | 14.7
Charms         | 13 | 13.6

Action                   |  1- 3 |  4- 6 |  7- 9 | 10-12 | 13-15 | 16-18 | 19-21 | 22-24 | 25-27 || total
-------------------------+-------+-------+-------+-------+-------+-------+-------+-------+-------++-------
Melee: Falchion          |    86 |   156 |   372 |   842 |       |       |       |    25 |       ||  1481
       Headbutt          |    10 |    41 |   104 |   351 |   382 |   743 |   854 |   904 |  3841 ||  7230
       Punch             |       |       |       |     7 |       |       |       |       |       ||     7
       Scimitar          |       |       |       |   222 |       |       |       |       |       ||   222
       Long sword        |       |       |       |    68 |  1363 |  2062 |  2086 |  1125 |       ||  6704
       Unarmed           |       |       |       |       |     2 |       |       |       |       ||     2
       Demon blade       |       |       |       |       |       |       |       |  1045 |  9507 || 10552
       Staff             |       |       |       |       |       |       |       |       |     9 ||     9
Throw: Tomahawk          |     4 |     4 |     5 |     4 |    13 |     2 |       |       |     8 ||    40
       Throwing net      |       |       |       |       |       |       |       |       |     8 ||     8
 Cast: Regeneration      |       |       |       |       |       |       |       |       |   101 ||   101
       Dispel Undead     |       |       |       |       |       |       |       |       |    19 ||    19
       Repel Missiles    |       |       |       |       |       |       |       |       |     5 ||     5
Invok: Heroism           |       |     2 |     5 |    13 |    10 |    17 |    13 |    10 |     1 ||    71
       Finesse           |       |       |       |     2 |     4 |     7 |     8 |     6 |       ||    27
       Grand Finale      |       |       |       |       |       |       |       |       |    53 ||    53
       Stomp             |       |       |       |       |       |       |       |       |    18 ||    18
       Line Pass         |       |       |       |       |       |       |       |       |    10 ||    10
 Abil: Evoke Invisibilit |       |       |       |       |       |     2 |     8 |    11 |    16 ||    37
       Turn Visible      |       |       |       |       |       |       |     1 |       |       ||     1
Evoke: Wand              |       |       |       |     4 |     1 |     1 |     7 |     9 |    83 ||   105
       Rod               |       |       |       |       |    52 |    38 |     9 |    15 |    11 ||   125
       Lamp of fire      |       |       |       |       |       |       |     1 |     3 |     6 ||    10
       Fan of gales      |       |       |       |       |       |       |       |     1 |     3 ||     4
       Staff of Dispater |       |       |       |       |       |       |       |       |   113 ||   113
       Horn of Geryon    |       |       |       |       |       |       |       |       |     4 ||     4
       Sceptre of Asmode |       |       |       |       |       |       |       |       |     2 ||     2
       Phial of floods   |       |       |       |       |       |       |       |       |     1 ||     1
  Use: Scroll            |       |       |     9 |    14 |    18 |    18 |    15 |    11 |    50 ||   135
       Potion            |       |       |     3 |       |     2 |     2 |     2 |     3 |    53 ||    65
 Stab: Sleeping          |     1 |       |       |       |       |       |       |       |       ||     1
       Held in net/web   |       |       |       |       |       |     1 |       |       |     7 ||     8
       Invisible         |       |       |       |       |       |     9 |    79 |    82 |    83 ||   253
       Paralysed         |       |       |       |       |       |       |       |       |  1101 ||  1101
       Confused          |       |       |       |       |       |       |       |       |     8 ||     8
       Distracted        |       |       |       |       |       |       |       |       |     4 ||     4
  Eat: Chunk             |       |     7 |    23 |    21 |    30 |    18 |    22 |    15 |    26 ||   162
       Fruit             |       |       |     1 |     8 |     8 |    13 |     5 |       |     9 ||    44
       Pizza             |       |       |       |     4 |       |     2 |     1 |       |     2 ||     9
       Beef jerky        |       |       |       |       |     1 |     6 |     3 |     1 |       ||    11
       Bread ration      |       |       |       |       |     1 |       |     2 |     4 |    22 ||    29
       Royal jelly       |       |       |       |       |       |     1 |     1 |     3 |     1 ||     6
       Meat ration       |       |       |       |       |       |       |       |       |    30 ||    30
Armor: Chain mail        |    61 |    58 |   197 |   324 |   416 |   164 |       |       |       ||  1220
       Plate armour      |       |       |       |       |       |   156 |       |       |   254 ||   410
       Crystal plate arm |       |       |       |       |       |   302 |   405 |   439 |  1424 ||  2570
       Ice dragon scales |       |       |       |       |       |       |       |       |   101 ||   101
Dodge: Dodged            |    43 |    59 |   188 |   388 |   342 |   661 |   511 |   587 |  2742 ||  5521
       Deflected         |       |       |       |       |       |       |       |       |    26 ||    26
Block: Large shield      |       |       |       |   183 |  1253 |  2543 |  2266 |  2578 |  9504 || 18327
       Rpst.: Falchion   |    14 |    18 |    49 |    76 |       |       |       |     1 |       ||   158
       Scimitar          |       |       |       |    11 |       |       |       |       |       ||    11
       Long sword        |       |       |       |     1 |    64 |   100 |    97 |    66 |       ||   328
       Demon blade       |       |       |       |       |       |       |       |    35 |   381 ||   416
